 Dungeon Sprint DCSS version bcrawl-1.17.3 (webtiles) character file.

Game seed: 15940699847703026074

745 Freyura the Thaumaturge (level 7, -4/50 HPs)
             Began as an Oni Ice Elementalist on Oct 20, 2019.
             Was a High Priest of Sif Muna.
             Slain by a wyvern (11 damage)
             ... in the Dungeon (Sprint IX: "|||||||||||||||||||||||||||||").
             The game lasted 00:04:39 (345 turns).

Freyura the Thaumaturge (Oni Ice Elementalist)       Turns: 345, Time: 00:04:39

Health: -4/50      AC:  2    Str: 11    XL:     7   Next: 76%
Magic:  6/24       EV: 16    Int: 17    God:    Sif Muna [*****.]
Gold:   0          SH:  0    Dex: 13    Spells: 28/29 levels left

rFire    . . .     SeeInvis .   m - staff of energy
rCold    . . .     Gourm    .   (no shield)
rNeg     . . .     Faith    .   a - +0 animal skin
rPois    .         Spirit   .   (helmet restricted)
rElec    .         Reflect  .   (no cloak)
rCorr    .         Harm     .   (no gloves)
MR       .....     NoTele   +   (no boots)
Stlth    ++........             (no amulet)
HPRegen  0.16/turn              o - +2 ring of evasion
MPRegen  0.19/turn              p - +2 ring of evasion

@: no status effects
A: oni magic, claws 1, fangs 1, horns 1
a: Divine Energy, Channel Magic, Forget Spell, Renounce Religion


You were in the Dungeon.
You worshipped Sif Muna.
Sif Muna was extremely pleased with you.
You were not hungry.

You visited 1 branch

Inventory:

Armour
 a - a +0 animal skin (worn)
 n - a +0 pair of gloves
Magical Staves
 m - an uncursed staff of energy (weapon)
Jewellery
 o - a +2 ring of evasion (left claw)
 p - a +2 ring of evasion (right claw)
Wands
 l - a wand of acid (10)
Scrolls
 f - 3 scrolls of remove curse
 j - 2 scrolls of blinking
 k - 2 scrolls of amnesia
Potions
 b - a potion of invisibility
 c - 2 potions of heal wounds
 e - 4 potions of curing
 g - a potion of haste
 h - 3 potions of magic
 i - a potion of berserk rage
Comestibles
 d - a ration {!d}


   Skills:
 - Level 1.7 Dodging
 - Level 1.7 Stealth
 + Level 11.6 Spellcasting


You had 28 spell levels left.
You knew the following spells:

 Your Spells              Type           Power        Failure   Level  Hunger
a - Freeze                Ice            ######       1%          1    None

Your spell library contained the following spells:

 Spells                   Type           Power        Failure   Level  Hunger
 Pain                     Necr           ######       1%          1    None
 Passwall                 Tmut/Erth      #####...     1%          2    None
 Throw Frost              Conj/Ice       #####.       1%          2    None
 Iskenderun's Mystic Bla  Conj           ######..     1%          3    None
 Ozocubu's Armour         Chrm/Ice       #####...     1%          3    None
 Summon Ice Beast         Ice/Summ       #####...     1%          4    ##.....
 Throw Icicle             Conj/Ice       #####...     1%          4    ##.....


Dungeon Overview and Level Annotations

Branches:
Dungeon (1/1)

Altars:
Cheibriados
Dithmenos
Elyvilon
Fedhas
Gozag
Hepliaklqana
Kikubaaqudgha
Lugonu
Makhleb
Nemelex Xobeh
Okawaru
Qazlal
Ru
Sif Muna
Trog
Uskayaw
Vehumet
Wu Jian
Xom
Yredelemnul
Zin
The Shining One
Beogh
Jiyva


Innate Abilities, Weirdness & Mutations

You learn spells by gaining experience, not through books or religion.
You only train spellcasting to practice magic.
You have sharp fingernails.
You have very sharp teeth.
You have a pair of small horns on your head.


Message History

Confirm with . or Enter, or press ? or * to list all spells.
Aiming: Freeze (safe; 1% risk of failure)
Press: ? - help, Shift-Dir - straight line, f/p - cyclops
Aim: a cyclops (heavily wounded)
You freeze the cyclops!
The cyclops is almost dead.
Casting: Freeze (safe; 1% risk of failure)
Confirm with . or Enter, or press ? or * to list all spells.
Aiming: Freeze (safe; 1% risk of failure)
Press: ? - help, Shift-Dir - straight line, f/p - cyclops
Aim: a cyclops (almost dead)
You freeze the cyclops!
You kill the cyclops!
Sif Muna accepts your kill.
You can now call upon Sif Muna for magical energy.
You can now freely open your mind to new spells.
Your Spellcasting skill gained 2 levels and is now at level 11!
You have reached level 7!
The wyvern bites you!
You die... ▓▓▓▓▓▓▓▓▓▓▓▓▓▓▓▓▓▓▓▓▓▓▓▓ ...OWHl@.[.[)...'_______ ▓▓▓▓▓▓▓▓▓▓▓▓▓▓▓▓▓▓▓▓▓▓▓▓

You could see a hippogriff, a hungry ghost, a wyvern and an ogre.

Vanquished Creatures
  A cyclops (D)
  A yak (D)
  A water moccasin (D)
  A howler monkey (D)
  An iguana (D)
  An adder (D)
  A leopard gecko (D)
  3 goblins (D)
  A hobgoblin (D)
  A frilled lizard (D)
12 creatures vanquished.

Notes
Turn   | Place    | Note
-------+----------+-------------------------------------------
     0 | D        | Freyura the Oni Ice Elementalist began the quest for the
                  | Orb.
     0 | D        | Reached XP level 1. HP: 14/14 MP: 4/4
     8 | D        | Reached skill level 2 in Spellcasting
    71 | D        | Noticed a water moccasin
    71 | D        | Noticed an iguana
    71 | D        | Noticed a howler monkey
    74 | D        | Killed a howler monkey
    74 | D        | Reached skill level 4 in Spellcasting
    74 | D        | Reached XP level 2. HP: 20/20 MP: 3/9
    74 | D        | Reached XP level 3. HP: 26/26 MP: 3/11
    78 | D        | Reached skill level 5 in Spellcasting
    78 | D        | Reached XP level 4. HP: 21/33 MP: 0/13
    79 | D        | HP: 1/33 [water moccasin (8)]
    83 | D        | Killed a water moccasin
    83 | D        | Reached skill level 8 in Spellcasting
    83 | D        | Reached XP level 5. HP: 13/38 MP: 11/17
    92 | D        | Found a roughly hewn altar of Beogh.
    92 | D        | Found a snail-covered altar of Cheibriados.
    92 | D        | Found a shadowy altar of Dithmenos.
    92 | D        | Found a white marble altar of Elyvilon.
    92 | D        | Found a blossoming altar of Fedhas.
    92 | D        | Found an opulent altar of Gozag.
    93 | D        | Found a hazy altar of Hepliaklqana.
    94 | D        | Found a viscous altar of Jiyva.
    95 | D        | Found an ancient bone altar of Kikubaaqudgha.
    96 | D        | Found a corrupted altar of Lugonu.
    97 | D        | Found a burning altar of Makhleb.
    98 | D        | Found a sparkling altar of Nemelex Xobeh.
    99 | D        | Found an iron altar of Okawaru.
   100 | D        | Found a stormy altar of Qazlal.
   101 | D        | Found a sacrificial altar of Ru.
   102 | D        | Found a shimmering blue altar of Sif Muna.
   103 | D        | Found a bloodstained altar of Trog.
   104 | D        | Found a hide-covered altar of Uskayaw.
   105 | D        | Found a radiant altar of Vehumet.
   106 | D        | Found an ornate altar of the Wu Jian Council.
   107 | D        | Found a shimmering altar of Xom.
   108 | D        | Found a basalt altar of Yredelemnul.
   109 | D        | Found a glowing silver altar of Zin.
   303 | D        | Became a worshipper of Sif Muna the Loreminder
   304 | D        | Found a glowing golden altar of the Shining One.
   333 | D        | Noticed an ogre
   333 | D        | Noticed a hungry ghost
   333 | D        | Noticed a hippogriff
   333 | D        | Noticed a wyvern
   333 | D        | Noticed a cyclops
   333 | D        | Noticed a yak
   339 | D        | Killed a yak
   339 | D        | Reached * piety under Sif Muna
   339 | D        | Reached ** piety under Sif Muna
   339 | D        | Reached skill level 9 in Spellcasting
   339 | D        | Reached XP level 6. HP: 39/45 MP: 11/20
   345 | D        | Killed a cyclops
   345 | D        | Reached *** piety under Sif Muna
   345 | D        | Reached **** piety under Sif Muna
   345 | D        | Reached ***** piety under Sif Muna
   345 | D        | Reached skill level 11 in Spellcasting
   345 | D        | Reached XP level 7. HP: 6/50 MP: 6/24
   345 | D        | Slain by a wyvern

Skill      XL: |  1  2  3  4  5  6 |
---------------+-------------------+-----
Spellcasting   | 4 5 8 9 11 | 11.6
Dodging        | |  1.7
Stealth        | |  1.7

Action                   |  1- 3 |  4- 6 |  7- 9 || total
-------------------------+-------+-------+-------++-------
Melee: Unarmed           |     5 |       |       ||     5
 Cast: Freeze            |     9 |    16 |     1 ||    26
Evoke: Wand              |       |     1 |       ||     1
  Use: Potion            |     1 |     2 |       ||     3
Armor: Animal skin       |       |     1 |       ||     1
Dodge: Dodged            |     6 |     8 |       ||    14
